General information
- name: BNet
- type: Ladder team game (AT/RT)
- host: Battle.net
- saver: kunt.roII
map: Dragonblight
- players: 6
- length: 15:38
- speed: Fast
- version: 1.21 W3XP
- replay type: Public
» download(117 KB)
Players
team 1 (winner)
bia-bia-bia (
yellow | 78 APM | 1218 actions | 15:33)
5 Far Seer
2 Feral Spirit
3 Chain Lighting
» actions
| Assign group hotkey | 33 | |
| Basic commands | 41 | |
| Build / train | 48 | |
| ESC pressed | 2 | |
| Enter build submenu | 11 | |
| Enter hero's abilities submenu | 5 | |
| Right click | 711 | |
| Select / deselect | 228 | |
| Select group hotkey | 90 | |
| Use ability | 49 | |
1218 total
» units
| Peon | 6 | |
| Grunt | 15 | |
| Shaman | 4 | |
| Troll Witch Doctor | 1 | |
26 total
» upgrades
| Shaman Training | 2 | |
| Witch Doctor Training | 2 | |
4 total
» buildings
| Altar of Storms | 1 | |
| Orc Burrow | 5 | |
| Barracks | 2 | |
| Voodoo Lounge | 1 | |
| Stronghold | 1 | |
| Spirit Lodge | 2 | |
| Fortress | 1 | |
13 total
» build order
00:13 Altar of Storms
00:24 Orc Burrow
00:36 Barracks
01:31 Orc Burrow
01:59 Barracks
02:08 Voodoo Lounge
02:47 Orc Burrow
05:32 Orc Burrow
06:23 Stronghold
09:03 Spirit Lodge
09:34 Spirit Lodge
11:26 Fortress
13:10 Orc Burrow
» items
| Healing Salve | 4 | |
| Lesser Clarity Potion | 2 | |
| Dust of Appearance | 1 | |
| Boots of Speed | 1 | |
| Potion of Mana | 1 | |
| Scroll of Town Portal | 1 | |
10 total
Gobiner (
teal | 60 APM | 939 actions | 15:33)
5 Tauren Chieftain
2 Shockwave
3 Endurance Aura
» actions
| Assign group hotkey | 76 | |
| Basic commands | 41 | |
| Build / train | 44 | |
| ESC pressed | 7 | |
| Enter build submenu | 14 | |
| Enter hero's abilities submenu | 5 | |
| Remove unit from queue | 1 | |
| Right click | 364 | |
| Select / deselect | 158 | |
| Select group hotkey | 185 | |
| Use ability | 44 | |
939 total
» units
» upgrades
| Pillage | 2 | |
| Berserker Strength | 1 | |
| Shaman Training | 2 | |
| Armor | 2 | |
7 total
» buildings
| Altar of Storms | 1 | |
| Orc Burrow | 4 | |
| War Mill | 2 | |
| Barracks | 1 | |
| Voodoo Lounge | 1 | |
| Stronghold | 1 | |
| Spirit Lodge | 2 | |
| Fortress | 1 | |
| Watch Tower | 1 | |
14 total
» build order
00:06 Altar of Storms
00:19 Orc Burrow
00:28 War Mill
00:35 Barracks
01:28 Orc Burrow
02:32 Orc Burrow
02:57 Voodoo Lounge
05:11 War Mill
05:38 Stronghold
08:11 Spirit Lodge
08:14 Spirit Lodge
08:40 Fortress
08:50 Orc Burrow
09:05 Watch Tower
» items
| Healing Salve | 3 | |
| Scroll of Speed | 1 | |
4 total
kunt.roII (
green | 144 APM | 2247 actions | 15:38)
4 Mountain King
2 Storm Bolt
2 Bash
3 Paladin
2 Holy Light
1 Devotion Aura
» actions
| Assign group hotkey | 32 | |
| Basic commands | 69 | |
| Build / train | 67 | |
| ESC pressed | 1 | |
| Enter build submenu | 21 | |
| Enter hero's abilities submenu | 7 | |
| Give item / drop item | 2 | |
| Right click | 836 | |
| Select / deselect | 287 | |
| Select group hotkey | 870 | |
| Use ability | 55 | |
2247 total
» units
| Peasant | 10 | |
| Rifleman | 19 | |
| Mortar Team | 5 | |
34 total
» upgrades
| Gunpowder | 2 | |
| Armor | 2 | |
| Long Rifles | 1 | |
| Flare | 1 | |
| Fragmentation Shards | 1 | |
7 total
» buildings
| Altar of Kings | 1 | |
| Farm | 11 | |
| Blacksmith | 1 | |
| Barracks | 2 | |
| Scout Tower | 1 | |
| Arcane Tower | 3 | |
| Keep | 2 | |
| Workshop | 2 | |
| Castle | 2 | |
25 total
» build order
00:06 Altar of Kings
00:12 Farm
00:36 Blacksmith
01:22 Barracks
01:37 Farm
01:43 Farm
02:16 Barracks
02:25 Farm
03:16 Farm
03:26 Scout Tower
04:20 Arcane Tower
04:20 Arcane Tower
05:29 Farm
05:54 Keep
05:54 Keep
08:54 Workshop
10:49 Castle
11:13 Farm
11:14 Farm
11:15 Farm
11:32 Farm
11:35 Workshop
12:37 Farm
» items
| Scroll of Speed | 2 | |
| Lesser Clarity Potion | 2 | |
| Healing Salve | 2 | |
| Scroll of Town Portal | 1 | |
7 total
team 2 (loser)
1st_Panzer_Div. (
purple | 101 APM | 1504 actions | 14:49)
3 Death Knight
2 Death Coil
1 Unholy Aura
2 Naga Sea Witch
1 Frost Arrows
1 Forked Lightning
» actions
| Assign group hotkey | 225 | |
| Basic commands | 161 | |
| Build / train | 47 | |
| ESC pressed | 1 | |
| Enter build submenu | 13 | |
| Enter hero's abilities submenu | 5 | |
| Remove unit from queue | 1 | |
| Right click | 273 | |
| Select / deselect | 213 | |
| Select group hotkey | 503 | |
| Use ability | 62 | |
1504 total
» units
| Acolyte | 2 | |
| Ghoul | 2 | |
| Crypt Fiend | 13 | |
| Obsidian Statue | 2 | |
| Necromancer | 4 | |
23 total
» upgrades
| Creature Attack | 1 | |
| Creature Carapace | 1 | |
| Necromancer Training | 0 | |
| Destroyer Form | 1 | |
| Web | 1 | |
4 total
» buildings
| Ziggurat | 5 | |
| Crypt | 1 | |
| Graveyard | 1 | |
| Altar of Darkness | 1 | |
| Tomb of Relics | 1 | |
| Nerubian Tower | 1 | |
| Halls of the Dead | 1 | |
| Black Citadel | 1 | |
| Slaughterhouse | 1 | |
| Temple of the Damned | 1 | |
14 total
» build order
00:26 Ziggurat
00:27 Crypt
00:47 Graveyard
00:59 Altar of Darkness
01:32 Ziggurat
01:59 Tomb of Relics
02:02 Nerubian Tower
04:00 Ziggurat
05:21 Halls of the Dead
05:42 Ziggurat
08:28 Black Citadel
08:30 Slaughterhouse
10:48 Temple of the Damned
11:58 Ziggurat
» items
| Rod of Necromancy | 2 | |
| Scroll of Town Portal | 2 | |
4 total
Intrigue (
blue | 59 APM | 912 actions | 15:32)
3 Blademaster
1 Wind Walk
2 Mirror Image
2 Shadow Hunter
1 Hex
1 Healing Wave
» actions
| Assign group hotkey | 49 | |
| Build / train | 40 | |
| ESC pressed | 3 | |
| Enter build submenu | 18 | |
| Enter hero's abilities submenu | 5 | |
| Remove unit from queue | 2 | |
| Right click | 420 | |
| Select / deselect | 130 | |
| Select group hotkey | 195 | |
| Use ability | 50 | |
912 total
» units
| Peon | 7 | |
| Grunt | 12 | |
| Raider | 3 | |
| Tauren | 1 | |
23 total
» upgrades
| Melee Weapons | 1 | |
| Armor | 1 | |
| Ensnare | 1 | |
3 total
» buildings
| Altar of Storms | 1 | |
| Orc Burrow | 6 | |
| Barracks | 1 | |
| Voodoo Lounge | 1 | |
| Stronghold | 1 | |
| War Mill | 1 | |
| Beastiary | 1 | |
| Fortress | 1 | |
| Tauren Totem | 1 | |
| Watch Tower | 2 | |
16 total
» build order
00:07 Altar of Storms
00:19 Orc Burrow
00:52 Barracks
01:28 Orc Burrow
02:02 Voodoo Lounge
04:12 Orc Burrow
05:14 Stronghold
05:21 Orc Burrow
06:17 War Mill
08:37 Beastiary
09:16 Fortress
09:57 Orc Burrow
10:01 Orc Burrow
11:45 Tauren Totem
14:02 Watch Tower
14:10 Watch Tower
» items
| Healing Salve | 2 | |
| Scroll of Town Portal | 1 | |
3 total
tralmc04 (
red | 108 APM | 1676 actions | 15:29)
2 Blademaster
1 Wind Walk
1 Critical Strike
1 Tauren Chieftain
1 Endurance Aura
» actions
| Assign group hotkey | 19 | |
| Basic commands | 12 | |
| Build / train | 43 | |
| Enter build submenu | 20 | |
| Enter hero's abilities submenu | 3 | |
| Give item / drop item | 4 | |
| Remove unit from queue | 3 | |
| Right click | 760 | |
| Select / deselect | 211 | |
| Select group hotkey | 553 | |
| Use ability | 48 | |
1676 total
» units
» upgrades
| Armor | 2 | |
| Melee Weapons | 2 | |
| Pillage | 1 | |
5 total
» buildings
| Altar of Storms | 1 | |
| Orc Burrow | 5 | |
| Voodoo Lounge | 1 | |
| Barracks | 1 | |
| War Mill | 1 | |
| Watch Tower | 4 | |
| Stronghold | 1 | |
| Beastiary | 3 | |
| Fortress | 1 | |
| Spirit Lodge | 2 | |
20 total
» build order
00:06 Altar of Storms
00:09 Orc Burrow
00:39 Voodoo Lounge
01:24 Barracks
01:55 Orc Burrow
03:02 War Mill
04:12 Orc Burrow
05:38 Watch Tower
05:46 Watch Tower
06:52 Watch Tower
08:22 Stronghold
10:06 Orc Burrow
11:36 Beastiary
11:51 Beastiary
12:36 Beastiary
12:48 Fortress
13:36 Spirit Lodge
13:46 Spirit Lodge
13:54 Watch Tower
14:15 Orc Burrow
» items
| Healing Salve | 3 | |
| Lesser Clarity Potion | 3 | |
| Scroll of Speed | 4 | |
| Scroll of Town Portal | 1 | |
11 total
Chat log
(00:06 / All) kunt.roII: teh
(00:09 / All) Gobiner: t3h
(00:12 / All) 1st_Panzer_Div.: omg
(00:15 / All) 1st_Panzer_Div.: not you again
(00:15 / Allies) Gobiner: rush with what?
(00:16 / All) kunt.roII: ready to tower\
(00:17 / All) 1st_Panzer_Div.: lol
(00:22 / All) 1st_Panzer_Div.: ... do we have to?
(00:25 / All) kunt.roII: :"D
(00:28 / Allies) bia-bia-bia: grutnz
(00:29 / Allies) kunt.roII: grunts
(00:29 / All) 1st_Panzer_Div.: lol
(00:31 / Allies) Gobiner: k
(00:41 / Allies) bia-bia-bia: nig elf
(00:47 / Allies) bia-bia-bia: get some defend
(01:14 / Allies) Gobiner: going wave tc
(01:42 / Allies) bia-bia-bia: double raxin
(02:02 / Allies) Gobiner: my mic doesn't work atm
(02:05 / Allies) bia-bia-bia: gg
(02:29 / All) 1st_Panzer_Div.: have you made it to the cliffs on this map?
(02:38 / All) kunt.roII: they are worthless
(02:47 / Allies) kunt.roII: feed me gob...
(02:51 / All) 1st_Panzer_Div.: in the corners?
(03:02 / Allies) kunt.roII: gobiner fag
(03:03 / Allies) kunt.roII: feed
(03:12 / Allies) kunt.roII: gold u tard
(03:49 / Allies) kunt.roII: feed gob
(04:00 / Allies) bia-bia-bia: buy dust on the way
(04:03 / Allies) kunt.roII: gobiner jesus
(04:09 / Allies) kunt.roII: can u read
(04:14 / Allies) Gobiner: no
(04:21 / Allies) kunt.roII: letse go
(04:25 / Allies) bia-bia-bia: k
(04:28 / Allies) kunt.roII: dont lose grunts
(05:01 / Allies) kunt.roII: tav revive ur hero
(05:05 / Allies) kunt.roII: send all
(05:13 / Allies) kunt.roII: ill get slave for him
(05:33 / Allies) kunt.roII: gob tech now
(05:44 / Allies) kunt.roII: go for casters
(05:56 / Allies) Gobiner: 100g short
(06:08 / Allies) kunt.roII: use clarity
(08:14 / Allies) bia-bia-bia: that was bad
(08:22 / Allies) kunt.roII: i told u we were boned
(09:33 / Allies) kunt.roII: gold me gob
(09:59 / Allies) bia-bia-bia: i tp
(13:28 / Allies) bia-bia-bia: ?
(14:52 / All) kunt.roII: G_G
(14:53 / Allies) bia-bia-bia: ahahaha
(15:07 / All) Gobiner: 2ez nubs
(15:19 / All) bia-bia-bia: owned w/o towers